 Dungeon Crawl Stone Soup version 0.26-a0-651-gb41185065b (webtiles) character file.

Game seed: 4083274020332461543

17112 Flugslaktarn the Cleaver (level 12, -5/112 HPs)
             Began as a Deep Dwarf Fighter on Oct 26, 2020.
             Was a Follower of Uskayaw.
             Killed from afar by a wizard (35 damage)
             ... with a bolt of lightning
             ... on level 13 of the Dungeon.
             The game lasted 00:04:53 (5294 turns).

Flugslaktarn the Cleaver (Deep Dwarf Fighter)       Turns: 5294, Time: 00:04:54

Health: -5/112     AC: 18    Str: 28    XL:     12   Next: 16%
Magic:  7/14       EV: 11    Int: 10    God:    Uskayaw [*.....]
Gold:   440        SH: 12    Dex: 14    Spells: 11/11 levels left

rFire    . . .     SeeInvis .   p - +3 war axe (vamp)
rCold    + . .     Faith    .   l - +0 kite shield
rNeg     . . .     Spirit   .   j - +0 chain mail
rPois    .         Reflect  .   v - +0 helmet
rElec    .         Harm     .   B - +0 cloak
rCorr    .         Rampage  .   y - +0 pair of gloves
MR       +....                  g - +1 pair of boots
Stlth    ..........             A - amulet of the acrobat
HPRegen  0.00/turn              c - ring of protection from cold
MPRegen  0.14/turn              f - +6 ring of strength

@: lethally poisoned (-5 -> -24), non-regenerating, slowed, very slow
A: damage resistance, heal wounds, sense surroundings 2, no regeneration
a: Heal Wounds, Stomp, Renounce Religion


You were on level 13 of the Dungeon.
You worshipped Uskayaw.
Uskayaw was aware of your devotion.
You visited 2 branches of the dungeon, and saw 14 of its levels.
You also visited: Bailey.

You collected 521 gold pieces.
You spent 81 gold pieces at shops.

Inventory:

Hand Weapons
 p - a +3 vampiric war axe (weapon)
   (You found it on level 4 of the Dungeon)
Missiles
 e - 4 throwing nets (quivered)
Armour
 g - a +1 pair of boots (worn)
   (You found it on level 2 of the Dungeon)
 j - a +0 chain mail (worn)
   (You took it off an orc warrior on level 6 of the Dungeon)
 l - a +0 kite shield (worn)
 v - a +0 helmet (worn)
   (You found it on level 7 of the Dungeon)
 y - a +0 pair of gloves (worn)
   (You found it on level 4 of the Dungeon)
 B - a +0 cloak (worn)
   (You found it on level 8 of the Dungeon)
Jewellery
 c - a ring of protection from cold (left hand)
   (You found it on level 4 of the Dungeon)
 f - a +6 ring of strength (right hand)
   (You found it on level 7 of the Dungeon)
 A - an amulet of the acrobat (around neck)
   (You found it on level 8 of the Dungeon)
Wands
 w - a wand of enslavement (5)
   (You found it on level 5 of the Dungeon)
 z - a wand of iceblast (12)
   (You found it on level 8 of the Dungeon)
Scrolls
 a - a scroll of fog
 h - a scroll of acquirement {unknown}
 r - 2 scrolls of identify
 x - 6 scrolls of remove curse
 C - 2 scrolls of enchant armour
Potions
 b - a potion of flight
 d - 2 potions of might
 k - a potion of magic {unknown}
 m - a potion of haste {unknown}
 n - a potion of lignification
 o - 3 potions of heal wounds {unknown}
 q - 2 potions of mutation {unknown}
 s - a potion of experience {unknown}
 u - 7 potions of curing


   Skills:
 + Level 8.4 Fighting
 * Level 13.0 Axes
 + Level 9.9 Armour
 - Level 6.1 Dodging
 + Level 7.8 Shields
 + Level 8.1 Invocations


You had 11 spell levels left.
You didn't know any spells.
Your spell library was empty.

Dungeon Overview and Level Annotations

Branches:
Dungeon (15/15)            Temple (1/1) D:7            Lair (0/6) D:9
 Bailey (visited)
    Orc: D:9-12      Vaults: D:13-14     Depths: D:15

Altars:
Ashenzari
Dithmenos
Elyvilon
Gozag
Nemelex Xobeh
Okawaru
Qazlal
Sif Muna
Trog
Uskayaw
Vehumet
Wu Jian
Yredelemnul
Zin
The Shining One

Shops:
D:4 *

Annotations:
D:7 2 transporters, bomj's ghost, novice MiBe
D:14 Roxanne


Innate Abilities, Weirdness & Mutations

You are resistant to damage.
You can heal yourself by infusing magical energy.
You passively map the area around you.
You do not regenerate.


Message History

The centaur warrior zombie is moderately damaged.
You miss something.
You hit the freezing wraith but do no damage.
You feel very sick. The centaur warrior zombie hits you.
The freezing wraith hits you but does no damage.
The freezing wraith barely misses you.
You hear some strange, mumbled words.
Something tries to affect you, but you resist.
The centaur warrior zombie closely misses you.
You miss something. You slice the centaur warrior zombie!!
You hit the freezing wraith but do no damage.
You feel very sick. You block the freezing wraith's attack.
The freezing wraith hits you.
* * * LOW HITPOINT WARNING * * *
The centaur warrior zombie hits you but does no damage.
You hear some strange, mumbled words.
A bolt of lightning appears from out of thin air!
The bolt of lightning hits you!!!
You die...

,* , ,* #...##... * ,*
(. * *$.= * , * #......
*#.. *,#.# ##. #.#....
*##.# ###.#####.#
#...... , ,
.....#[.(:!#.....#.#.#..
, *
....#.$.!.#.....#......
, ,(..)...)........#.##.
, * ,
#.{Z[.#.....#...##. , ,*
,, #W@)..#.....#..###+
** *###†#####.# #.###..
#))##..##,#.##... , * ,
, ####.#.#.#..##.#.... ,
** *#...(...#...#)......
,#.#.#)####..#.#†..... *
##.(# ##..#.).... **
.#####.#####.###)#.... ,
,
.......().........##...


You could see a freezing wraith and a centaur warrior zombie.

Vanquished Creatures
  Harold (D:7)
  An ice dragon (D:13)
  3 centaur warriors
  A tengu warrior (D:14)
  4 skeletal warriors (D:14)
  2 unseen horrors
  An ugly thing (D:13)
  An orc knight (Bailey)
  A deep elf mage (D:14)
  2 manticores
  A cyclops (D:14)
  A centaur zombie (D:13)
  A rime drake (shapeshifter) (D:14)
  A freezing wraith (D:13)
  A meliai (D:13)
  A jumping spider (shapeshifter) (D:13)
  A polar bear (shapeshifter) (D:13)
  A hornet (D:13)
  5 hippogriffs
  A meliai zombie (D:14)
  3 shadows
  A vampire (D:13)
  A wyvern (D:14)
  3 vampire mosquitoes
  An ice beast (D:5)
  5 sky beasts
  2 orc warriors (D:6)
  A phantom (D:8)
  A necrophage (D:8)
  6 ogres
  2 centaurs
  Blork the orc (D:5)
  2 bullfrogs
  A wyvern skeleton (D:6)
  4 killer bees (D:13)
  7 wights
  2 howler monkeys
  A bullfrog zombie (D:13)
  A jelly (D:5)
  3 hounds
  A quasit (D:5)
  2 centaur skeletons
  3 orc priests
  3 bullfrog skeletons
  3 iguanas
  An orc wizard (D:13)
  6 worker ants
  18 gnolls
  13 adders
  2 river rats (D:4)
  3 white imps (D:6)
  2 adder skeletons
  4 worms
  A dart slug (D:3)
  2 leopard geckos (D:5)
  26 orcs
  A bat (D:1)
  3 giant cockroaches
  2 goblins
  14 hobgoblins
  8 jackals
  10 kobolds
  5 quokkas
  2 ball pythons
  A ball python skeleton (D:5)
  2 frilled lizards
  A jackal skeleton (D:7)
  A jackal zombie (D:7)
  A leopard gecko zombie (D:5)
  2 quokka zombies
  4 rats
226 creatures vanquished.

Vanquished Creatures (others)
  A kobold demonologist (D:14)
  A vampire mosquito (D:14)
  A scorpion (D:14)
  An iguana (D:14)
4 creatures vanquished.

Grand Total: 230 creatures vanquished

Notes
Turn   | Place    | Note
-------+----------+-------------------------------------------
     0 | D:1      | Flugslaktarn the Deep Dwarf Fighter began the quest for the
                  | Orb.
     0 | D:1      | Reached XP level 1. HP: 20/20 MP: 1/1
    37 | D:1      | Reached XP level 2. HP: 22/27 MP: 2/2
   176 | D:2      | Reached skill level 3 in Axes
   176 | D:2      | Reached skill level 1 in Dodging
   219 | D:3      | Reached XP level 3. HP: 21/34 MP: 3/3
   702 | D:4      | Reached XP level 4. HP: 37/42 MP: 4/4
   739 | D:4      | Found Emadom's Assorted Antiques.
   743 | D:4      | Bought a scroll labeled ZASIAG FUEZIUMN for 27 gold pieces
   743 | D:4      | Bought a scroll labeled WAMEYK NINOR for 27 gold pieces
   743 | D:4      | Bought a scroll labeled DOS XODGHAELE for 27 gold pieces
   795 | D:4      | Reached skill level 4 in Axes
   795 | D:4      | Reached XP level 5. HP: 43/49 MP: 5/5
  1426 | D:4      | Reached XP level 6. HP: 56/56 MP: 6/6
  1521 | D:5      | Entered Level 5 of the Dungeon
  1522 | D:5      | Noticed an ice beast
  1533 | D:5      | Killed an ice beast
  1533 | D:5      | Reached skill level 5 in Axes
  1685 | D:5      | Found an ornate altar of the Wu Jian Council.
  1685 | D:5      | Found a glowing golden altar of the Shining One.
  1709 | D:5      | Reached XP level 7. HP: 62/64 MP: 7/7
  1743 | D:5      | Reached skill level 5 in Armour
  1758 | D:5      | Noticed Blork the orc
  1772 | D:5      | Killed Blork the orc
  1777 | D:5      | Reached skill level 6 in Axes
  2091 | D:6      | Found a shadowy altar of Dithmenos.
  2091 | D:6      | Found a shimmering blue altar of Sif Muna.
  2091 | D:6      | Found an iron altar of Okawaru.
  2091 | D:6      | Found a glowing silver altar of Zin.
  2127 | D:6      | Noticed a hippogriff
  2147 | D:6      | Reached XP level 8. HP: 55/73 MP: 8/8
  2175 | D:6      | Reached skill level 7 in Axes
  2197 | D:6      | Killed a hippogriff
  2197 | D:6      | Reached skill level 5 in Fighting
  2267 | D:6      | Reached skill level 5 in Dodging
  2370 | D:6      | Reached skill level 8 in Axes
  2575 | D:6      | Found a broken altar of Ashenzari.
  2761 | D:7      | Found a stormy altar of Qazlal.
  2842 | D:7      | Noticed a queen bee
  2865 | D:7      | Noticed bomj's ghost (novice MiBe)
  2866 | D:7      | Found a transporter.
  2866 | D:7      | Noticed Harold
  2881 | D:7      | Killed Harold
  2881 | D:7      | Reached skill level 9 in Axes
  2881 | D:7      | Gained mutation: You passively map the area around you.
                  | [Deep Dwarf growth]
  2881 | D:7      | Reached XP level 9. HP: 72/82 MP: 6/6
  2888 | D:7      | Found a transporter.
  2978 | D:7      | Found a staircase to the Ecumenical Temple.
  3006 | Temple   | Entered the Ecumenical Temple
  3096 | Temple   | Became a worshipper of Uskayaw the Reveler
  3141 | D:7      | Reached * piety under Uskayaw
  3144 | D:7      | Reached ** piety under Uskayaw
  3149 | D:7      | Found a flagged portal.
  3151 | D:7      | Reached *** piety under Uskayaw
  3159 | Bailey   | Entered a bailey
  3225 | Bailey   | Reached skill level 1 in Invocations
  3225 | Bailey   | Reached **** piety under Uskayaw
  3287 | Bailey   | Noticed an orc knight
  3320 | Bailey   | Killed an orc knight
  3329 | Bailey   | Reached ***** piety under Uskayaw
  3448 | D:7      | Got a pitted hand axe
  3449 | D:7      | Identified the +5 hand axe of Joyful Slaughter {holy, rF+
                  | Stlth+} (You found it on level 7 of the Dungeon)
  3530 | D:7      | Found a bloodstained altar of Trog.
  3860 | D:8      | Reached skill level 10 in Axes
  3932 | D:8      | Reached XP level 10. HP: 66/91 MP: 8/8
  4608 | D:9      | You fall into a shaft and drop 3 floors!
  4610 | D:12     | You fall into a shaft and drop 3 floors!
  4610 | D:15     | Entered Level 15 of the Dungeon
  4617 | D:14     | Noticed a skeletal warrior
  4617 | D:14     | Noticed a skeletal warrior
  4617 | D:14     | Noticed a skeletal warrior
  4628 | D:14     | Identified Roxanne's Tome of Stones
  4628 | D:14     | Noticed Roxanne
  4628 | D:14     | Noticed a skeletal warrior
  4629 | D:14     | Noticed a centaur warrior
  4635 | D:14     | Noticed an orange demon
  4645 | D:14     | Reached skill level 5 in Shields
  4647 | D:14     | Noticed a manticore
  4648 | D:14     | Reached ****** piety under Uskayaw
  4652 | D:14     | Killed a centaur warrior
  4657 | D:14     | Killed a manticore
  4657 | D:14     | Reached skill level 11 in Axes
  4657 | D:14     | Reached skill level 5 in Invocations
  4673 | D:14     | Noticed a tengu warrior
  4683 | D:14     | Killed an unseen horror
  4692 | D:14     | Killed a tengu warrior
  4692 | D:14     | Reached XP level 11. HP: 88/99 MP: 11/11
  4713 | D:14     | Killed a skeletal warrior
  4721 | D:14     | Killed a skeletal warrior
  4728 | D:14     | Killed a skeletal warrior
  4731 | D:14     | Killed a skeletal warrior
  4833 | D:14     | Noticed a deep elf mage
  4863 | D:14     | Killed a deep elf mage
  4919 | D:14     | Reached skill level 12 in Axes
  5050 | D:14     | Noticed a centaur warrior
  5059 | D:14     | Killed a centaur warrior
  5226 | D:13     | Paralysed by a hornet for 3 turns
  5233 | D:13     | Noticed an ice dragon
  5252 | D:13     | Killed an ice dragon
  5258 | D:13     | Noticed a centaur warrior
  5268 | D:13     | Reached XP level 12. HP: 42/111 MP: 13/13
  5268 | D:13     | Killed a centaur warrior
  5288 | D:13     | Reached skill level 13 in Axes
  5294 | D:13     | Killed from afar by a wizard

Illustrated notes

Levels and vault maps discovered:
D:1:      wander_arrival_estate, layout_basic, minivault_23
D:2:      layout_loops_corners, grunt_temple_overflow_growth_and_decay,
          fedhas_altar_fruit_tree
D:3:      layout_basic
D:4:      minmay_general_purpose_star, layout_basic, lightli_sewer_entry_pipes,
          serial_forest, infiniplex_forest_lined_1,
          infiniplex_forest_lined_room_2, infiniplex_forest_zigzag_1,
          infiniplex_forest_clump_medium, infiniplex_forest_lined_3,
          infiniplex_forest_straight_5, infiniplex_forest_lined_3_way,
          infiniplex_forest_diagonal, serial_shops, nicolae_shop_stone,
          minmay_circle_x
D:5:      layout_basic, gammafunk_temple_overflow_wave,
          chequers_decorated_corner, corexii_leaking_fountain,
          uniq_blork_the_orc
D:6:      layout_rooms, chequers_temple_overflow_statue_of_worship,
          marbit_many_paths, feat_on_display
D:7:      layout_gridville, lemuel_doored_altar, nicolae_overflow_crystal_walls,
          minmay_temple_entry_poolview, gammafunk_ghost_hive, enter_bailey_2,
          uniq_harold
D:8:      layout_basic, hangedman_decor_peaks_small
D:9:      statuecave_lemuel, layout_basic,
          grunt_temple_overflow_champion_of_chaos, david_lair_generic,
          mrwooster_statue_mirror
D:12:     layout_irregular_city
D:13:     minmay_the_grid_square_5x5_4x4 [minmay_the_grid_square_5x5_gyroscope,
          minmay_the_grid_square_5x5_empty, minmay_the_grid_square_5x5_longway,
          minmay_the_grid_square_5x5_half_checkered,
          minmay_the_grid_square_5x5_hourglass,
          minmay_the_grid_square_5x5_prize_junk,
          minmay_the_grid_square_5x5_prize_itemx,
          minmay_the_grid_square_5x5_mess,
          minmay_the_grid_square_5x5_almost_minimal,
          minmay_the_grid_square_5x5_prize_open,
          minmay_the_grid_square_5x5_prize_waves, minmay_the_grid_square_5x5_z,
          minmay_the_grid_square_5x5_plus, minmay_the_grid_square_5x5_fat_x,
          minmay_the_grid_square_5x5_forky, minmay_the_grid_square_5x5_shrine2],
          layout_loops_corners, grunt_vaults_entry_fortified,
          nicolae_island_escapes, uniq_nessos
D:14:     layout_loops_cross, nicolae_trove_entry_crossroad,
          kennysheep_decorative_pillar, uniq_roxanne
D:15:     hangedman_depths_entry_civil_slaughter, layout_long_grid,
          serial_shops, nicolae_shop_temple_entry_statues_fountains,
          dk_noncrumbling_2
Temple:   nicolae_temple_figure_zero

Skill      XL: |  1  2  3  4  5  6  7  8  9 10 11 12 |
---------------+-------------------------------------+-----
Axes           | 3 4 5 6 9 10 11 12 13 | 13.0
Dodging        | 1 2 3 4 6 |  6.1
Fighting       | 3 4 5 6 7 8 |  8.4
Armour         | 4 5 7 8 9 |  9.9
Invocations    | 3 5 7 8 |  8.1
Shields        | 4 5 7 |  7.8

Action                   |  1- 3 |  4- 6 |  7- 9 | 10-12 || total
-------------------------+-------+-------+-------+-------++-------
Melee: War axe           |    72 |   171 |   410 |   248 ||   901
Invok: Grand Finale      |       |       |       |     2 ||     2
 Abil: Heal Wounds       |     1 |       |     9 |     6 ||    16
  Use: Scroll            |       |       |    15 |     2 ||    17
       Potion            |       |       |       |     2 ||     2
 Stab: Distracted        |       |     1 |       |       ||     1
       Paralysed         |       |       |     7 |    23 ||    30
       Invisible         |       |       |       |     5 ||     5
Armor: Scale mail        |    34 |    77 |    92 |       ||   203
       Chain mail        |       |       |    69 |   147 ||   216
Dodge: Dodged            |    30 |    66 |   156 |   133 ||   385
Block: Kite shield       |    39 |   104 |   236 |   149 ||   528

Table legend: (Time is in decaauts)
 A = Elapsed time spent in this place.
 B = Non-inter-level travel time spent in this place.
 C = Inter-level travel time spent in this place.
 D = Time resting spent in this place.
 E = Time spent auto-exploring this place.
 F = Levels seen in this place.
 G = Mean time per level.
                   A        B        C        D        E       F      G
               +--------+--------+--------+--------+--------+-----+--------+
         Total |   5479 |   5127 |    352 |      0 |   3415 |  15 |  365.3 |
       Dungeon |   5092 |   4769 |    323 |      0 |   3225 |  13 |  391.7 |
        Temple |    102 |     74 |     28 |      0 |     71 |   1 |  102.0 |
        Bailey |    284 |    284 |      0 |      0 |    119 |   1 |  284.0 |
               +--------+--------+--------+--------+--------+-----+--------+

Top non-repeatable levels by time:
     D:4: 1269 daAuts
     D:7: 728 daAuts
     D:8: 697 daAuts
     D:6: 625 daAuts
     D:5: 599 daAuts
    D:14: 453 daAuts
  Bailey: 284 daAuts
    D:13: 219 daAuts
     D:9: 130 daAuts
     D:3: 126 daAuts
     D:2: 124 daAuts
     D:1: 110 daAuts
  Temple: 102 daAuts
    D:15: 6 daAuts
    D:12: 1 daAuts
